 Dungeon Crawl Stone Soup version 0.31-a0-841-g038b102fc3 (webtiles) character file.

Game seed: 18356425482076235058

14451 rjrrt the Impaler (level 11, -10/94 HPs)
             Began as a Minotaur Berserker on Sept 27, 2023.
             Was an Elder of Trog.
             Mangled by a fire elemental (13 damage)
             ... led by Azrael
             ... on level 13 of the Dungeon.
             The game lasted 00:25:58 (12888 turns).

rjrrt the Impaler (Minotaur Berserker)             Turns: 12888, Time: 00:25:59

Health: -10/94     AC: 13    Str: 26    XL:     11   Next: 88%
Magic:  10/10      EV: 13    Int:  4    God:    Trog [****..]
Gold:   424        SH:  0    Dex: 10    Spells: 10/10 levels left

rFire   . . .        a - +1 bardiche of the Establishment {vamp, rElec Stlth+}
rCold   . . .        (shield currently unavailable)
rNeg    . . .        t - +2 ring mail {Will+}
rPois   +            (helmet restricted)
rElec   +            i - +1 cloak
rCorr   .            (no gloves)
SInv    .            B - +1 pair of boots
Will    +....        u - amulet of the acrobat
Stlth   +            c - ring of flight
HPRegen 0.35/turn    F - ring of poison resistance
MPRegen 0.12/turn

%: acrobat
@: on berserk cooldown, flying, slowed, very slow
A: horns 2, retaliatory headbutt
a: Renounce Religion, Berserk, Trog's Hand, Brothers in Arms


You were on level 13 of the Dungeon.
You worshipped Trog.
Trog was greatly pleased with you.
You visited 3 branches of the dungeon, and saw 15 of its levels.

You collected 872 gold pieces.
You spent 448 gold pieces at shops.

Inventory:

Hand Weapons
 a - the +1 bardiche of the Establishment (weapon) {vamp, rElec Stlth+}
   (You bought it in a shop on level 8 of the Dungeon)

   rElec:     It insulates you from electricity.
   Stlth+:    It makes you more stealthy.
 b - a +1 hand axe of draining
 m - a +3 antimagic glaive
 C - a +2 antimagic trident
Missiles
 e - 6 javelins
 w - 5 boomerangs (quivered)
Armour
 i - a +1 cloak (worn)
 t - a +2 ring mail of willpower (worn)
 B - a +1 pair of boots (worn)
Jewellery
 c - a ring of flight (left hand)
 u - an amulet of the acrobat (around neck)
 F - a ring of poison resistance (right hand)
Wands
 h - a wand of mindburst (33)
 q - a wand of paralysis (26)
 v - a wand of digging (6)
 H - a wand of acid (4)
 I - a wand of roots (6)
 K - a wand of flame (9)
Scrolls
 j - 2 scrolls of blinking
 k - 2 scrolls of enchant weapon
 l - 3 scrolls of fog
 y - 3 scrolls of teleportation
Potions
 d - 2 potions of berserk rage
 f - 8 potions of curing
 g - 2 potions of haste
 n - 2 potions of degeneration {unknown}
 o - a potion of heal wounds
 p - 3 potions of mutation
 r - 2 potions of lignification
 s - a potion of attraction {unknown}
 x - 3 potions of resistance {unknown}
 A - 2 potions of invisibility
 D - 3 potions of ambrosia
 G - a potion of might {unknown}
 J - a potion of enlightenment {unknown}


   Skills:
 - Level 8.2 Fighting
 + Level 19.1 Polearms
 - Level 7.7 Armour
 - Level 7.0 Dodging


You had 10 spell levels left.
You didn't know any spells.
Your spell library was empty.

Dungeon Overview and Level Annotations

Branches:
Dungeon (13/15)            Temple (0/1) D:6            Lair (1/5) D:8
    Orc (1/2) D:10
 Vaults: D:13-14

Altars:
Dithmenos
Elyvilon
Fedhas
Gozag
Nemelex Xobeh
Okawaru
Sif Muna
Uskayaw
Xom

Shops:
D:3 (   D:5 (   D:8 (   D:12 [

Annotations:
D:12 Azrael


Innate Abilities, Weirdness & Mutations

You have a pair of horns on your head.
You reflexively headbutt those who attack you in melee.


Message History

You slash the acid dragon!
You feel better.
You kill the acid dragon!
Trog accepts your kill.
Unknown command.
Your surroundings suddenly seem different.
A fire elemental comes into view.
Unknown command.
You feel a strong urge to attack something.
A fire elemental comes into view.
You feel your anger nearly subside.
You are no longer berserk.
You are exhausted.
You feel yourself slow down.
There is a stone staircase leading down here.
The fire elemental barely misses you. x2
You fly downwards.
There is a stone staircase leading up here.
Unknown command.
You barely miss the fire elemental.
Your headbutt misses the fire elemental.
The fire elemental misses you. The fire elemental hits you.
The fire elemental burns you!
* * * LOW HITPOINT WARNING * * *
You slice the fire elemental!!
The fire elemental is almost destroyed.
You are no longer corroded.
The fire elemental hits you. The fire elemental burns you!
* * * LOW HITPOINT WARNING * * *
The fire elemental hits you. The fire elemental burns you!
* * * LOW HITPOINT WARNING * * *
You barely miss the fire elemental.
The fire elemental is almost destroyed.
The fire elemental hits you. The fire elemental burns you!
* * * LOW HITPOINT WARNING * * *
Unknown command.
You completely miss the fire elemental.
Your headbutt misses the fire elemental.
The fire elemental is almost destroyed.
The fire elemental barely misses you. The fire elemental hits you.
The fire elemental burns you!
You die...

...........
.........
.....#..#
....#..#
#....#.#
#......####
##..........
#...@E..#
#.........#
........####
.......##
......#
..##.. . ##.
#.


You could see a fire elemental.

Vanquished Creatures
  2 boulder beetles
  3 two-headed ogres
  2 tengu warriors
  A manticore (D:12)
  A gargoyle (D:10)
  A komodo dragon (D:8)
  A queen bee (D:9)
  2 trolls
  2 hornets
  Grinder (D:3)
  3 slime creatures (D:12)
  4 wraiths
  3 yaks (D:11)
  5 wyverns
  2 fire elementals (D:12)
  2 steam dragons
  2 basilisks (D:8)
  Menkaure (D:4)
  3 acid dragons
  A water moccasin (D:8)
  A hell hound (D:12)
  7 ice beasts
  3 sky beasts
  5 orc warriors
  2 ogres
  2 centaurs
  3 kobold brigands
  A phantom (D:5)
  A gnoll sergeant (D:7)
  A bullfrog (D:7)
  2 scorpions
  A wight (D:7)
  26 killer bees
  2 howler monkeys
  Crazy Yiuf (D:2)
  2 jellies
  An orc priest (D:7)
  3 gnoll boudas
  5 hounds
  Terence (D:2)
  6 orc wizards
  3 iguanas
  2 sleepcaps (D:6)
  A mummy (D:5)
  16 gnolls
  4 adders
  2 shadow imps
  2 white imps (D:7)
  2 ufetubi
  2 worms (D:2)
  11 dart slugs
  27 orcs
  7 ball pythons
  4 endoplasms
  A giant cockroach (D:2)
  A goblin (D:2)
  11 hobgoblins
  3 jackals (D:4)
  4 quokkas
  4 bats
  3 frilled lizards
  A hobgoblin zombie (D:5)
  53 kobolds
  A kobold zombie (D:5)
  2 orc zombies (D:5)
  6 rats
291 creatures vanquished.

Vanquished Creatures (collateral kills)
  A killer bee (D:9)
1 creature vanquished.

Grand Total: 292 creatures vanquished

Notes
Turn   | Place    | Note
-------+----------+-------------------------------------------
     0 | D:1      | rjrrt the Minotaur Berserker began the quest for the Orb.
     0 | D:1      | Reached XP level 1. HP: 19/19 MP: 0/0
   242 | D:1      | Reached skill level 4 in Polearms
   384 | D:1      | Reached XP level 2. HP: 26/26 MP: 1/1
  1147 | D:2      | Reached skill level 5 in Polearms
  1147 | D:2      | Reached XP level 3. HP: 31/31 MP: 2/2
  1377 | D:2      | Noticed Terence
  1387 | D:2      | Killed Terence
  1388 | D:2      | Reached skill level 6 in Polearms
  1388 | D:2      | Reached XP level 4. HP: 39/39 MP: 3/3
  1726 | D:2      | Found a runed translucent door.
  1727 | D:2      | Noticed Crazy Yiuf
  1732 | D:2      | Killed Crazy Yiuf
  1905 | D:2      | Found a faded altar of an unknown god.
  2082 | D:3      | Found Wugox's Antique Weapon Shop.
  2156 | D:3      | Reached ** piety under Trog
  2164 | D:3      | Reached skill level 7 in Polearms
  2164 | D:3      | Reached XP level 5. HP: 45/45 MP: 4/4
  2227 | D:3      | Noticed Grinder
  2233 | D:3      | Killed Grinder
  2234 | D:3      | Reached skill level 8 in Polearms
  2234 | D:3      | Reached XP level 6. HP: 51/51 MP: 5/5
  2303 | D:3      | Found a hide-covered altar of Uskayaw.
  3059 | D:3      | Reached skill level 9 in Polearms
  3424 | D:3      | Reached *** piety under Trog
  3480 | D:3      | Reached XP level 7. HP: 57/57 MP: 6/6
  3619 | D:4      | Reached skill level 10 in Polearms
  4280 | D:4      | Noticed Menkaure
  4300 | D:4      | Killed Menkaure
  4594 | D:5      | Entered Level 5 of the Dungeon
  4594 | D:5      | Found Qeghib's Antique Weapon Boutique.
  5030 | D:5      | Reached XP level 8. HP: 66/67 MP: 7/7
  5364 | D:5      | Reached skill level 5 in Fighting
  5884 | D:5      | Reached **** piety under Trog
  5920 | D:6      | Reached skill level 11 in Polearms
  6009 | D:6      | Reached skill level 5 in Armour
  6173 | D:6      | Identified the +0 long sword "Ymanisahu" {heavy, rN+ Int+6}
  6375 | D:6      | Found a staircase to the Ecumenical Temple.
  6558 | D:7      | Reached skill level 5 in Dodging
  6558 | D:7      | Reached XP level 9. HP: 75/75 MP: 2/8
  6903 | D:7      | Found a shadowy altar of Dithmenos.
  7089 | D:7      | Reached skill level 12 in Polearms
  7432 | D:8      | Noticed a two-headed ogre
  7447 | D:8      | Killed a two-headed ogre
  7448 | D:8      | Reached XP level 10. HP: 58/88 MP: 3/9
  7786 | D:8      | Found Nodoph's Antique Weapon Shoppe.
  7794 | D:8      | Bought an encrusted bardiche for 448 gold pieces
  7794 | D:8      | Identified the +1 bardiche of the Establishment {vamp,
                  | rElec Stlth+} (You bought it in a shop on level 8 of the
                  | Dungeon)
  7851 | D:8      | Noticed a two-headed ogre
  7868 | D:8      | Killed a two-headed ogre
  7869 | D:8      | Reached skill level 13 in Polearms
  8102 | D:8      | Reached ***** piety under Trog
  8200 | D:8      | Received a gift from Trog
  8367 | D:8      | Reached skill level 14 in Polearms
  8416 | D:8      | Found a staircase to the Lair.
  8488 | Lair:1   | Entered Level 1 of the Lair of Beasts
  9100 | D:9      | Reached skill level 15 in Polearms
  9678 | D:9      | Reached XP level 11. HP: 83/94 MP: 10/10
  9737 | D:9      | Reached skill level 16 in Polearms
 10081 | D:10     | Entered Level 10 of the Dungeon
 10152 | D:10     | Found an opulent altar of Gozag.
 10155 | D:10     | Found a blossoming altar of Fedhas.
 10164 | D:10     | Found an iron altar of Okawaru.
 10170 | D:10     | Found a white marble altar of Elyvilon.
 10172 | D:10     | Found a shimmering blue altar of Sif Muna.
 10177 | D:10     | Found a sparkling altar of Nemelex Xobeh.
 10323 | D:10     | Found a staircase to the Orcish Mines.
 10667 | D:10     | Found a shimmering altar of Xom.
 10667 | D:10     | Found a shimmering altar of Xom.
 10668 | D:10     | Found a shimmering altar of Xom.
 10672 | D:10     | Found a shimmering altar of Xom.
 10673 | D:10     | Found a shimmering altar of Xom.
 10852 | D:11     | Noticed a tengu warrior
 10855 | D:11     | Noticed a boulder beetle
 10858 | D:11     | Killed a tengu warrior
 11144 | D:11     | Reached skill level 17 in Polearms
 11313 | Orc:1    | Entered Level 1 of the Orcish Mines
 11313 | Orc:1    | Noticed an orc sorcerer
 11376 | D:10     | Noticed a glowing orange brain
 11469 | D:11     | Killed a boulder beetle
 11751 | D:11     | Noticed a two-headed ogre
 11755 | D:11     | Killed a two-headed ogre
 11856 | D:11     | Reached skill level 18 in Polearms
 12085 | D:12     | Noticed a tengu warrior
 12120 | D:12     | Noticed a boulder beetle
 12144 | D:12     | Killed a boulder beetle
 12274 | D:12     | Killed a tengu warrior
 12529 | D:12     | Found Gaumuf's Armour Shoppe.
 12611 | D:12     | Reached skill level 19 in Polearms
 12832 | D:12     | Noticed Azrael
 12887 | D:13     | HP: 2/94 [fire elemental[Azrael] (7)]
 12888 | D:13     | Mangled by a fire elemental

Illustrated notes

Levels and vault maps discovered:
D:1:      sevenhm_arrival_forest_fort_small_1, layout_loops_corners
D:2:      layout_basic, shapermc_ecumenical_altar_acropolis,
          uniq_crazy_yiuf_cottage, uniq_terence
D:3:      minmay_goblin_kobold_castle, layout_loops_ring, amcnicky_altar_gilded,
          serial_shops, shop, kennysheep_cluttered_room, uniq_grinder
D:4:      kennysheep_slugbush, layout_cave_pods, grunt_decor_junction,
          uniq_menkaure
D:5:      layout_basic, serial_shops, nicolae_stop_n_shop_2, nrook_uturn,
          minmay_mini_ossuary
D:6:      layout_basic, minmay_temple_entry_tees, minmay_checkerbox
D:7:      layout_basic, grunt_dithmenos_smoke_and_mirrors,
          minmay_alternating_orb
D:8:      layout_cave_pools, erik_lair_dragon, serial_shops, shop
D:9:      layout_roguey, serial_corexii_hall, corexii_hall_statues_u,
          chequers_hall_statues_corner_a, special_room [special_room_bee]
D:10:     layout_roguey, nicolae_overflow_hallway_of_the_gods, xom_shifter_show,
          chequers_serial_rivers_small_a
D:11:     layout_gridville
D:12:     layout_basic, serial_shops, nicolae_shop_crystal,
          nicolae_specific_store, minmay_shattered_shrine, uniq_snorg,
          uniq_azrael
D:13:     minmay_the_grid_square_5x5_4x4_mashed
          [minmay_the_grid_square_5x5_half_checkered,
          minmay_the_grid_square_5x5_inner_i, minmay_the_grid_square_5x5_eight,
          minmay_the_grid_square_5x5_checkered_statues,
          minmay_the_grid_square_5x5_tie,
          minmay_the_grid_square_5x5_prize_pseudospiral,
          minmay_the_grid_square_5x5_prize_waves,
          minmay_the_grid_square_5x5_inverted_slash,
          minmay_the_grid_square_5x5_bite,
          minmay_the_grid_square_5x5_prize_snowflake,
          minmay_the_grid_square_5x5_prize_gold,
          minmay_the_grid_square_5x5_trominoes,
          minmay_the_grid_square_5x5_beaten_path,
          minmay_the_grid_square_5x5_minivault,
          minmay_the_grid_square_5x5_two_small,
          minmay_the_grid_square_5x5_forky], layout_layer_cave, erik_vaults_2
Lair:1:   layout_gridlike, nicolae_quartered_pool_little,
          chequers_serial_rivers_small_3, grunt_megastairs_3,
          infiniplex_staircase_pool
Orc:1:    layout_caves, uniq_harold

Skill      XL: |  1  2  3  4  5  6  7  8  9 10 11 |
---------------+----------------------------------+-----
Polearms       | 4 5 6 7 8 9 10 11 12 15 19 | 19.1
Fighting       | 4 6 8 |  8.2
Armour         | 3 5 7 |  7.7
Dodging        | 3 5 6 7 |  7.0

Action                     |  1- 3 |  4- 6 |  7- 9 | 10-12 || total
---------------------------+-------+-------+-------+-------++-------
  Melee: Spear             |    92 |   186 |   147 |       ||   425
         Headbutt          |    10 |    21 |    56 |    50 ||   137
         Punch             |     1 |       |     5 |       ||     6
         Trident           |       |       |   205 |    33 ||   238
         Bardiche          |       |       |       |   291 ||   291
  Throw: Boomerang         |       |       |       |     3 ||     3
 Invoke: Berserk           |     1 |     5 |     5 |     7 ||    18
         Brothers in Arms  |       |       |       |     1 ||     1
  Evoke: Wand              |       |       |       |     7 ||     7
    Use: Scroll            |       |       |    15 |     8 ||    23
         Potion            |       |       |       |     2 ||     2
   Stab: Sleeping          |     1 |       |       |     2 ||     3
         Distracted        |       |       |     1 |     1 ||     2
 Armour: Animal skin       |     4 |       |       |       ||     4
         Ring mail         |    28 |       |    10 |   260 ||   298
         Scale mail        |       |    63 |    27 |       ||    90
         Chain mail        |       |       |   108 |       ||   108
  Dodge: Dodged            |    30 |    45 |    91 |   256 ||   422

Table legend: (Time is in decaauts)
 A = Elapsed time spent in this place.
 B = Non-inter-level travel time spent in this place.
 C = Inter-level travel time spent in this place.
 D = Time resting spent in this place.
 E = Time spent auto-exploring this place.
 F = Levels seen in this place.
 G = Mean time per level.
                   A        B        C        D        E       F      G
               +--------+--------+--------+--------+--------+-----+--------+
         Total |  12899 |  12242 |    657 |   2001 |   6776 |  15 |  859.9 |
       Dungeon |  12889 |  12232 |    657 |   2001 |   6776 |  13 |  991.5 |
          Lair |      7 |      7 |      0 |      0 |      0 |   1 |    7.0 |
  Orcish Mines |      1 |      1 |      0 |      0 |      0 |   1 |    1.0 |
               +--------+--------+--------+--------+--------+-----+--------+

Top non-repeatable levels by time:
     D:3: 1609 daAuts
     D:8: 1362 daAuts
     D:5: 1264 daAuts
     D:2: 1133 daAuts
     D:9: 1113 daAuts
     D:7: 1104 daAuts
    D:10: 1035 daAuts
     D:4: 1021 daAuts
    D:11: 1016 daAuts
     D:1: 843 daAuts
    D:12: 767 daAuts
     D:6: 610 daAuts
  Lair:1: 7 daAuts
    D:13: 5 daAuts
   Orc:1: 1 daAuts
